 Dungeon Crawl Stone Soup version 0.24.0-125-gc4c63601f3 (webtiles) character file.

Game seed: 16005118638881877814, levelgen mode: deterministic

3061 Curus the Basher (level 9, -2/78 HPs)
             Began as a Minotaur Berserker on Mar 16, 2020.
             Was a High Priest of Trog.
             Slain by a two-headed ogre
             ... wielding a +0 giant club
              (8 damage)
             ... on level 8 of the Dungeon.
             The game lasted 00:30:00 (6370 turns).

Curus the Basher (Minotaur Berserker)               Turns: 6370, Time: 00:30:01

Health: -2/78      AC: 13    Str: 21    XL:     9   Next: 57%
Magic:  7/7        EV:  9    Int: 11    God:    Trog [*****.]
Gold:   172        SH:  0    Dex: 13    Spells: 8/8 levels left

rFire    . . .     SeeInvis .   f - +3 flail
rCold    . . .     Gourm    .   (no shield)
rNeg     . . .     Faith    .   j - +0 chain mail
rPois    .         Spirit   .   (helmet restricted)
rElec    .         Reflect  .   (no cloak)
rCorr    .         Harm     .   u - +0 pair of gloves
MR       .....                  (no boots)
Stlth    ..........             (no amulet)
HPRegen  0.23/turn              k - +4 ring of intelligence
MPRegen  0.10/turn              (no ring)

@: no status effects
A: retaliatory headbutt, horns 2, yellow scales 1, agile 1, low mp 1, mutation
resistance 1
a: Berserk, Trog's Hand, Brothers in Arms, Renounce Religion


You were on level 8 of the Dungeon.
You worshipped Trog.
Trog was extremely pleased with you.
You were not hungry.

You visited 1 branch of the dungeon, and saw 8 of its levels.
You also visited: Ossuary.

You collected 392 gold pieces.
You spent 220 gold pieces at shops.

Inventory:

Hand Weapons
 a - a +0 mace
 f - a +3 flail (weapon)
Armour
 b - a +0 animal skin
 d - a +0 ring mail
 j - a +0 chain mail (worn)
 u - a +0 pair of gloves (worn)
Jewellery
 k - a +4 ring of intelligence (left hand)
 v - an uncursed ring of fire
Wands
 i - a wand of random effects (11)
 r - a wand of clouds (5)
 t - a wand of paralysis (10)
Scrolls
 e - 8 scrolls of remove curse
 g - 8 scrolls of identify
 h - 8 scrolls of teleportation
 s - a scroll of fear
Potions
 l - 7 potions of curing
 m - 3 potions of haste
 n - 3 potions of might
 o - a potion of ambrosia
 p - 4 potions of heal wounds
 q - a potion of flight
Comestibles
 c - 5 rations
 w - 3 chunks of flesh


   Skills:
 + Level 6.4 Fighting
 - Level 14.0 Maces & Flails
 + Level 5.7 Armour
 - Level 2.1 Dodging


You had 8 spell levels left.
You didn't know any spells.
Your spell library was empty.

Dungeon Overview and Level Annotations

Branches:
Dungeon (8/15)             Temple (0/1) D:6         Ossuary (visited)
   Lair: D:8-11

Altars:
Ashenzari
Fedhas
Okawaru
Sif Muna
Vehumet
The Shining One

Shops:
D:4 }:!   D:6 =(

Annotations:
D:4 exclusion: oklob plant


Innate Abilities, Weirdness & Mutations

You reflexively headbutt those who attack you in melee.
You have a pair of horns on your head.
You are partially covered in yellow scales. (AC +2)
You are agile. (Dex +2)
Your magical capacity is low. (-10% MP)
You are somewhat resistant to further mutation.


Message History

A two-headed ogre opens the door.
It is wielding two +0 giant clubs.
Evoke which item? (* to show all) (? for menu, Esc to quit)
Okay, then.
The two-headed ogre shouts in stereo!
The two-headed ogre hits you but does no damage.
The two-headed ogre hits you with a +0 giant club!
There is an open door, spattered with blood here.
You sock the two-headed ogre!
The two-headed ogre is lightly wounded.
The two-headed ogre barely misses you.
The two-headed ogre hits you with a +0 giant club!
You barely miss the two-headed ogre.
The two-headed ogre is lightly wounded.
You sock the two-headed ogre!
Your headbutt misses the two-headed ogre.
The two-headed ogre is heavily wounded.
The two-headed ogre hits you with a +0 giant club!!
* * * LOW HITPOINT WARNING * * *
The two-headed ogre hits you with a +0 giant club!
You die...

#........
#######.........
..?.......?......
..................
.......................
.......................
.....!...............#
########)).........)..#
......O@..............#
...^...#..............#
.......#........†.....#
#....###..............#
#....#.....###'#......#
.... #.....#...+......#
... #.....#...#......#
... #.....#...##'#####
#.(...#...'..<...#


You could see a two-headed ogre.

Vanquished Creatures
  A hippogriff (D:8)
  Menkaure (D:7)
  2 water moccasins
  An orc warrior (D:7)
  An ice beast (D:6)
  5 ogres
  A centaur (D:5)
  2 bullfrogs
  4 scorpions
  5 killer bees (D:7)
  2 howler monkeys
  3 centaur zombies (Ossuary)
  2 crimson imps
  2 human zombies (Ossuary)
  5 hounds
  5 orc priests
  3 iguanas
  A jelly (D:7)
  A bullfrog skeleton (D:6)
  Ijyb (D:3)
  3 orc wizards
  9 worker ants
  2 big kobold zombies (Ossuary)
  2 hound skeletons
  A hound zombie (D:7)
  3 mummies
  A worker ant zombie (D:6)
  3 adders
  A shadow imp (D:6)
  An ooze (D:4)
  An adder zombie (Ossuary)
  3 worms
  3 dart slugs
  4 leopard geckos (D:1)
  8 orcs
  4 ball pythons
  4 giant cockroaches
  A goblin (D:3)
  8 hobgoblins
  13 jackals
  10 kobolds
  4 quokkas
  A ball python skeleton (D:6)
  7 bats
  9 frilled lizards
  5 hobgoblin zombies (Ossuary)
  8 kobold zombies (Ossuary)
  A leopard gecko skeleton (D:4)
  14 orc zombies (Ossuary)
  A quokka skeleton (D:5)
  A quokka zombie (D:5)
  9 rats
  A rat zombie (Ossuary)
194 creatures vanquished.

Vanquished Creatures (others)
  11 toadstools (D:4)
11 creatures vanquished.

Grand Total: 205 creatures vanquished

Notes
Turn   | Place    | Note
-------+----------+-------------------------------------------
     0 | D:1      | Curus the Minotaur Berserker began the quest for the Orb.
     0 | D:1      | Reached XP level 1. HP: 19/19 MP: 0/0
    55 | D:1      | Reached skill level 4 in Maces & Flails
    72 | D:1      | Reached XP level 2. HP: 22/26 MP: 1/1
   396 | D:1      | Reached skill level 5 in Maces & Flails
   497 | D:1      | Reached ** piety under Trog
   499 | D:1      | Reached XP level 3. HP: 29/31 MP: 2/2
  1439 | D:2      | Found a shattered altar of Ashenzari.
  1441 | D:2      | Found an iron altar of Okawaru.
  1501 | D:2      | Found a radiant altar of Vehumet.
  1545 | D:3      | Reached XP level 4. HP: 39/39 MP: 3/3
  1635 | D:3      | Noticed an ogre
  1642 | D:3      | Killed an ogre
  1642 | D:3      | Reached skill level 7 in Maces & Flails
  1642 | D:3      | Reached XP level 5. HP: 16/45 MP: 4/4
  1919 | D:3      | Noticed Ijyb
  1938 | D:3      | Killed Ijyb
  2044 | D:3      | Gained mutation: You are partially covered in yellow
                  | scales. (AC +2) [potion of mutation]
  2044 | D:3      | Gained mutation: Your magical capacity is low. (-10% MP)
                  | [potion of mutation]
  2044 | D:3      | Gained mutation: You are somewhat resistant to further
                  | mutation. [potion of mutation]
  2044 | D:3      | Gained mutation: You are agile. (Dex +2) [potion of
                  | mutation]
  2301 | D:3      | Reached *** piety under Trog
  2548 | D:3      | Reached skill level 8 in Maces & Flails
  2793 | D:4      | Found Posuvv Ythru's Distillery.
  2815 | D:4      | Reached XP level 6. HP: 51/51 MP: 4/4
  2835 | D:4      | Bought 2 potions of curing for 66 gold pieces
  2835 | D:4      | Bought a potion of haste for 110 gold pieces
  2835 | D:4      | Bought a potion of might for 44 gold pieces
  2851 | D:4      | Found a sand-covered staircase.
  2861 | Ossuary  | Entered an ossuary
  2992 | Ossuary  | Reached skill level 9 in Maces & Flails
  3003 | Ossuary  | Reached **** piety under Trog
  3022 | Ossuary  | Reached XP level 7. HP: 19/57 MP: 5/5
  3405 | D:4      | Found Pyug's Gadget Shop.
  3525 | D:4      | Reached skill level 10 in Maces & Flails
  3662 | D:4      | Found Giem's Book Shoppe.
  3757 | D:4      | Found a blossoming altar of Fedhas.
  3776 | D:4      | Noticed an oklob plant
  3843 | D:5      | Entered Level 5 of the Dungeon
  3862 | D:5      | Reached skill level 11 in Maces & Flails
  3974 | D:5      | Reached XP level 8. HP: 35/64 MP: 6/6
  4296 | D:5      | Found a shimmering blue altar of Sif Muna.
  4561 | D:6      | Found Bigann's Antique Weapon Shop.
  4574 | D:6      | Reached skill level 12 in Maces & Flails
  4585 | D:6      | Found a staircase to the Ecumenical Temple.
  4756 | D:6      | Reached skill level 13 in Maces & Flails
  4863 | D:6      | Found Toeckous's Jewellery Shoppe.
  5436 | D:7      | Found a glowing golden altar of the Shining One.
  5445 | D:7      | Reached ***** piety under Trog
  5445 | D:7      | Reached XP level 9. HP: 69/70 MP: 7/7
  5491 | D:7      | Reached skill level 14 in Maces & Flails
  5834 | D:7      | Noticed Menkaure
  5837 | D:7      | Killed Menkaure
  5910 | D:7      | Reached skill level 5 in Fighting
  6232 | D:8      | Reached skill level 5 in Armour
  6367 | D:8      | Noticed a two-headed ogre
  6370 | D:8      | Slain by a two-headed ogre

Levels and vault maps discovered:
D:1:      kennysheep_arrival_forest, layout_basic
D:2:      layout_loops_ring, nicolae_overflow_hidden_temple, serial_glass,
          glass_columns_c, glass_columns_a, minmay_strange_pillars
D:3:      layout_basic, first_ration, uniq_ijyb
D:4:      layout_rooms, gup_ossuary_entry_pyramid, serial_shops,
          kennysheep_little_box, shop, shop_coins, tgw_fedhas
D:5:      layout_rooms, lemuel_doored_altar, nicolae_underground_beach
D:6:      layout_basic, minmay_temple_entry_drinking_statues, serial_shops,
          nicolae_shop_waterfront, shop, dk_noncrumbling_3
D:7:      layout_loops_ring, kennysheep_mini_moat, hangedman_decor_points,
          uniq_menkaure
D:8:      layout_gridville, grunt_dithmenos_smoke, lemuel_crystal_altar,
          lair_entry_dummy, uniq_grum, uniq_psyche, uniq_pikel

Skill      XL: |  1  2  3  4  5  6  7  8  9 |
---------------+----------------------------+-----
Maces & Flails | 4 5 7 8 9 11 13 14 | 14.0
Fighting       | 6 |  6.4
Armour         | 5 |  5.7
Dodging        | |  2.1

Action                   |  1- 3 |  4- 6 |  7- 9 || total
-------------------------+-------+-------+-------++-------
Melee: Mace              |    76 |       |       ||    76
       Headbutt          |     8 |    26 |    57 ||    91
       Flail             |    32 |   165 |   257 ||   454
Invok: Berserk           |       |     1 |     1 ||     2
  Use: Scroll            |     3 |     5 |     2 ||    10
       Potion            |     1 |     3 |     4 ||     8
  Eat: Chunk             |     2 |     4 |    10 ||    16
       Ration            |       |       |     1 ||     1
Armor: Animal skin       |     5 |       |       ||     5
       Ring mail         |    30 |     7 |       ||    37
       Chain mail        |       |    60 |   134 ||   194
Dodge: Dodged            |    63 |    58 |    68 ||   189
